 Dungeon Crawl Stone Soup version 0.24-a0-443-g80245de385 (webtiles) character file.

Game seed: 13024673525399550517

484 Krouwed the Slasher (level 7, -1/82 HPs)
             Began as a Human Fighter on June 20, 2019.
             Slain by an ogre
             ... wielding a +0 giant club
              (8 damage)
             ... on level 4 of the Dungeon.
             The game lasted 00:17:34 (3816 turns).

Krouwed the Slasher (Human Fighter)                 Turns: 3816, Time: 00:17:35

Health: -1/82      AC: 20    Str: 23    XL:     7   Next: 35%
Magic:  7/7        EV:  4    Int:  9    God:
Gold:   173        SH: 10    Dex: 12    Spells: 6/6 levels left

rFire    . . .     SeeInvis .   m - +0 falchion (holy)
rCold    . . .     Gourm    .   c - +0 shield
rNeg     . . .     Faith    .   y - +0 plate armour (curse)
rPois    .         Spirit   .   s - +0 helmet
rElec    .         Reflect  .   x - +0 cloak
rCorr    .         Harm     .   (no gloves)
MR       .....                  (no boots)
Stlth    ..........             v - amulet of magic regeneration
HPRegen  0.23/turn              g - +6 ring of protection
MPRegen  0.35/turn              (no ring)

@: mighty, berserking, very quick
A: no striking features
a: no special abilities


You were on level 4 of the Dungeon.
You were hungry.

You visited 1 branch of the dungeon, and saw 4 of its levels.

You collected 173 gold pieces.

Inventory:

Hand Weapons
 a - a +1 long sword
 e - a +4 battleaxe of distortion
 h - a +2 quarterstaff of chaos
 m - a +0 falchion of holy wrath (weapon)
Missiles
 j - 105 stones (quivered)
 q - 18 sling bullets
 w - 5 silver boomerangs
Armour
 c - a +0 shield (worn)
 o - the +7 chain mail "Bynef" {rElec Int+2 Slay+6, unknown}
   (You found it on level 4 of the Dungeon)

   It affects your intelligence (+2).
   It affects your accuracy and damage with ranged weapons and melee attacks
   (+6).
   It insulates you from electricity.
 s - a +0 helmet (worn)
 x - a +0 cloak (worn)
 y - a cursed +0 plate armour (worn)
Jewellery
 g - a +6 ring of protection (left hand)
 v - an amulet of magic regeneration (around neck)
Wands
 l - a wand of acid (24)
Scrolls
 b - a scroll of fog
 r - a scroll of remove curse
 u - 2 scrolls of immolation
Potions
 k - a potion of curing {unknown}
 p - 2 potions of degeneration
 t - a potion of haste {unknown}
Comestibles
 f - 3 rations
 n - 9 chunks of flesh


   Skills:
 + Level 4.3 Fighting
 * Level 4.9 Long Blades
 + Level 4.3 Armour
 + Level 4.3 Shields


You had 6 spell levels left.
You didn't know any spells.
Your spell library was empty.

Dungeon Overview and Level Annotations

Branches:
Dungeon (4/15)
 Temple: D:4-7

Altars:
Dithmenos
Fedhas
Okawaru

Shops:
D:4 *


Message History

You hit the hound but do no damage.
The hound is severely wounded.
The hound bites you.
* * * LOW HITPOINT WARNING * * *
You block the hound's attack.
You feel very mighty all of a sudden. The ogre hits you with a +0 giant club!
* * * LOW HITPOINT WARNING * * *
The hound barely misses you.
You hit the hound.
You kill the hound!
You block the ogre's attack.
A red film seems to cover your vision as you go berserk!
You feel yourself moving faster!
You feel mighty! You block the ogre's attack.
You slash the ogre!
The ogre is moderately wounded.
You slash the ogre!
The ogre is severely wounded.
The ogre hits you with a +0 giant club!
You die...

## .#.# #...# .#.# +...# .#.#
#...# .#.## #...# ..... #...#
##.### #...# .#.#.### .#
##...##### .#.#...# #.#
#@O......# .#...#.# #.#
#)#......#
.....#.#####.###.#############
...................h..........
...#.####.........####'######
##.#.#............##....#
#.#...##.........##....#
#.#...##.#..#.#...+....#
#.#...##.#....#####....#


You could see an ogre.

Vanquished Creatures
  An ogre (D:4)
  A bullfrog skeleton (D:4)
  A hound (D:4)
  2 orc priests
  Crazy Yiuf (D:3)
  An orc wizard (D:3)
  An iguana (D:4)
  A worker ant (D:4)
  6 adders
  An ooze (D:2)
  An adder zombie (D:3)
  2 worms
  A dart slug (D:1)
  4 leopard geckos
  17 orcs
  4 giant cockroaches
  7 hobgoblins
  4 kobolds
  4 ball pythons
  12 bats
  7 frilled lizards
  6 goblins
  A leopard gecko skeleton (D:4)
  9 rats
95 creatures vanquished.

Notes
Turn   | Place    | Note
-------+----------+-------------------------------------------
     0 | D:1      | Krouwed the Human Fighter began the quest for the Orb.
     0 | D:1      | Reached XP level 1. HP: 18/18 MP: 1/1
   121 | D:1      | Reached XP level 2. HP: 24/24 MP: 2/2
   639 | D:1      | Reached XP level 3. HP: 25/29 MP: 3/3
  1189 | D:2      | Found a shadowy altar of Dithmenos.
  1403 | D:2      | Reached XP level 4. HP: 21/35 MP: 4/4
  1763 | D:2      | Found an iron altar of Okawaru.
  2293 | D:3      | Found a runed translucent door.
  2294 | D:3      | Noticed Crazy Yiuf
  2325 | D:3      | Found a blossoming altar of Fedhas.
  2347 | D:3      | Reached XP level 5. HP: 38/41 MP: 5/5
  2774 | D:3      | Reached XP level 6. HP: 41/48 MP: 6/6
  3077 | D:3      | Killed Crazy Yiuf
  3209 | D:4      | Found Miprera's General Store.
  3723 | D:4      | Reached XP level 7. HP: 46/54 MP: 7/7
  3757 | D:4      | Got a smoking chain mail
  3816 | D:4      | Slain by an ogre

Levels and vault maps discovered:
D:1:      lemuel_arrival_muddy, layout_loops_ring
D:2:      minmay_general_purpose_star, layout_basic, grunt_dithmenos_smoke,
          okawaru_metal_pillars_1_2
D:3:      layout_rooms, fedhas_ov_isle_minmay, serial_corexii_hall,
          corexii_hall_statues_x, corexii_hall_statues_x,
          corexii_hall_statues_i, corexii_hall_statues_i, minmay_misc_feat_five,
          uniq_crazy_yiuf_cottage
D:4:      layout_basic, minmay_temple_entry_grid, serial_shops, shop

Skill      XL: |  1  2  3  4  5  6 |
---------------+-------------------+-----
Long Blades    | 3 4 |  4.9
Armour         | 4 |  4.3
Shields        | 4 |  4.3
Fighting       | 4 |  4.3

Action                   |  1- 3 |  4- 6 |  7- 9 || total
-------------------------+-------+-------+-------++-------
Melee: Long sword        |    88 |   142 |       ||   230
       Morningstar       |   114 |       |       ||   114
       Falchion          |       |   115 |    24 ||   139
  Use: Scroll            |     3 |     9 |       ||    12
       Potion            |       |       |     2 ||     2
  Eat: Chunk             |     2 |     8 |       ||    10
Armor: Scale mail        |    13 |       |       ||    13
       Chain mail        |   162 |   112 |       ||   274
       Plate armour      |       |    90 |    12 ||   102
Dodge: Dodged            |    48 |    45 |     7 ||   100
Block: Shield            |   137 |   143 |    13 ||   293
       Rpst.: Long sword |     8 |    11 |       ||    19
       Falchion          |       |     4 |       ||     4

Table legend:
 A = Non-vault XP
 B = Vault XP
 C = Vault XP percentage of total XP
 D = Non-vault monster count
 E = Vault monster count
 F = Vault count percentage of total count
                 A         B        C        D         E       F
            +---------+---------+-------+---------+---------+-------
      Total |     649 |      43 |   6.2 |      92 |       3 |   3.2
            +---------+---------+-------+---------+---------+-------
        D:1 |      29 |       0 |   0.0 |      18 |       0 |   0.0
        D:2 |      80 |       3 |   3.6 |      28 |       2 |   6.7
        D:3 |     162 |      40 |  19.8 |      30 |       1 |   3.2
        D:4 |     378 |       0 |   0.0 |      16 |       0 |   0.0
            +---------+---------+-------+---------+---------+-------
